 Dungeon Crawl Stone Soup version 0.27.1 (webtiles) character file.

Game seed: 17654999671573147765

1738 Malachi the Archer (level 9, -1/69 HPs)
             Began as a Gnoll Hunter on Aug 25, 2021.
             Was a Priest of Okawaru.
             Slain by a two-headed ogre (7 damage)
             ... on level 7 of the Dungeon.
             The game lasted 00:08:01 (5645 turns).

Malachi the Archer (Gnoll Hunter)                   Turns: 5645, Time: 00:08:02

Health: -1/69      AC:  5    Str: 12    XL:     9   Next: 5%
Magic:  14/14      EV: 13    Int: 10    God:    Okawaru [***...]
Gold:   293        SH:  0    Dex: 16    Spells: 15/15 levels left

rFire    . . .     SeeInvis +   a - +2 shortbow
rCold    . . .     Faith    .   (shield currently unavailable)
rNeg     . . .     Spirit   .   t - +0 ring mail
rPois    .         Reflect  .   (no helmet)
rElec    .         Harm     .   (no cloak)
rCorr    .         Rampage  .   (no gloves)
Will     .....                  (no boots)
Stlth    ++........             (no amulet)
HPRegen  0.21/turn              k - ring of see invisible
MPRegen  0.14/turn              q - +4 ring of slaying

@: about to teleport
A: fangs 1, strong nose, distributed training
a: Renounce Religion, Heroism


You were on level 7 of the Dungeon.
You worshipped Okawaru.
Okawaru was most pleased with you.
You visited 1 branch of the dungeon, and saw 7 of its levels.

You collected 293 gold pieces.

Inventory:

Hand Weapons
 a - a +2 shortbow (weapon)
 j - a +2 short sword of freezing
 o - a +1 whip of electrocution
 x - the +1 hunting sling "Tiso" {freeze, *Slow rPois rC+ rN+}
   (You took it off an orc on level 6 of the Dungeon)

   Any ammunition fired from it freezes those it strikes, dealing additional
   cold damage.
   It can also slow down cold-blooded creatures.
   rC:        It protects you from cold.
   rPois:     It protects you from poison.
   rN:        It protects you from negative energy.
   *Slow:     It may slow you when you take damage.
Missiles
 b - 28 bolts
 d - 46 arrows (quivered ammo)
 g - 123 stones
 h - 76 sling bullets
 n - 28 poisoned darts
Armour
 t - a +0 ring mail (worn)
Jewellery
 k - a ring of see invisible (left hand)
 q - a +4 ring of slaying (right hand)
Wands
 m - a wand of polymorph (8)
 y - a wand of digging (6)
 z - a wand of flame (22)
Scrolls
 e - 2 scrolls of vulnerability
 r - a scroll of teleportation
 w - a scroll of fog {unknown}
Potions
 c - a potion of might {unknown}
 f - a potion of curing
 i - 2 potions of cancellation
 l - a potion of attraction
 p - a potion of ambrosia {unknown}
 s - a potion of lignification {unknown}
 u - 3 potions of brilliance {unknown}
 v - a potion of flight {unknown}


   Skills:
 + Level 6.0 Fighting
 + Level 3.8 Short Blades
 + Level 3.8 Long Blades
 + Level 3.8 Axes
 + Level 3.8 Maces & Flails
 + Level 3.8 Polearms
 + Level 3.8 Staves
 + Level 3.8 Slings
 + Level 9.4 Bows
 + Level 3.8 Crossbows
 + Level 3.8 Throwing
 + Level 3.8 Armour
 + Level 6.0 Dodging
 + Level 4.5 Stealth
 + Level 3.8 Shields
 + Level 3.8 Unarmed Combat
 + Level 3.8 Spellcasting
 + Level 3.1 Conjurations
 + Level 3.1 Hexes
 + Level 3.1 Summonings
 + Level 3.1 Necromancy
 + Level 3.1 Translocations
 + Level 3.1 Transmutations
 + Level 3.1 Fire Magic
 + Level 3.1 Ice Magic
 + Level 3.1 Air Magic
 + Level 3.1 Earth Magic
 + Level 3.1 Poison Magic
 + Level 4.2 Invocations
 + Level 3.8 Evocations


You had 15 spell levels left.
You didn't know any spells.
Your spell library contained the following spells:

 Spells                   Type           Power      Damage    Failure   Level
 Apportation              Tloc           16%        N/A       16%         1
 Summon Small Mammal      Summ           32%        N/A       16%         1
 Call Canine Familiar     Summ           8%         N/A       41%         3
 Summon Guardian Golem    Hex/Summ       8%         N/A       41%         3
 Alistair's Intoxication  Tmut/Pois      5%         N/A       99%         5
 Invisibility             Hex            4%         N/A       100%        6


Dungeon Overview and Level Annotations

Branches:
Dungeon (7/15)             Temple (0/1) D:6

Altars:
Okawaru
The Shining One


Innate Abilities, Weirdness & Mutations

You have very sharp teeth.
Your uncanny sense of smell can sniff out nearby items.
Your experience applies equally to all skills.


Message History

You shoot an arrow. The arrow hits the two-headed ogre.
The two-headed ogre is moderately wounded.
The two-headed ogre hits you with a +0 giant club!!
The two-headed ogre barely misses you.
You shoot an arrow. The arrow hits the two-headed ogre.
The two-headed ogre is heavily wounded.
You gain the combat prowess of a mighty hero.
The two-headed ogre closely misses you. The two-headed ogre barely misses you.
Fire: 48 arrows
Press: ? - help, Q - select action, (/) - cycle Shift-Dir - straight line, f/p - two-headed ogre
Aim: a two-headed ogre, wielding two +0 giant clubs (heavily wounded, 84% to hit)
You shoot an arrow.
The arrow barely misses the two-headed ogre.
The two-headed ogre hits you with a +0 giant club!
The two-headed ogre hits you with a +0 giant club!!
* * * LOW HITPOINT WARNING * * *
Fire: 47 arrows
Press: ? - help, Q - select action, (/) - cycle Shift-Dir - straight line, f/p - two-headed ogre
Aim: a two-headed ogre, wielding two +0 giant clubs (heavily wounded, 84% to hit)
You shoot an arrow. The arrow hits the two-headed ogre.
The two-headed ogre is heavily wounded.
Okay, then.
You feel like a meek peon again.
There is a stone staircase leading up here.
Aiming: Polymorph
Press: ? - help, Shift-Dir - straight line, f/p - two-headed ogre
Aim: a two-headed ogre, wielding two +0 giant clubs (moderately wounded, will become a polar bear, an orb spider, or a moth of wrath, chance to affect: 39%)
The two-headed ogre resists with some effort.
The two-headed ogre closely misses you.
The two-headed ogre hits you but does no damage.
That's the wrong kind of item! (Use * to select it.) Evoke which item? (* to show all) (? for menu, Esc to quit)
Okay, then.
Okay, then.
Okay, then.
Okay, then.
As you read the scroll of teleportation, it crumbles to dust.
You feel strangely unstable. The two-headed ogre closely misses you.
The two-headed ogre hits you with a +0 giant club!
You die...

### #.. #.# ∆ #.#
#.# #.# #.# #@# #O#
##.# #..#
##.####.#####
#...........########
#..####.###..((....(
#......)(((()#
############.#


You could see a two-headed ogre.

Vanquished Creatures
  Eustachio (D:6)
  Menkaure (D:6)
  A water moccasin (D:5)
  2 orc warriors
  2 ogres
  A black bear (D:5)
  Blork the orc (D:5)
  2 bullfrogs
  2 scorpions
  A jelly (D:7)
  2 hounds
  3 orc priests
  A centaur skeleton (D:6)
  Jessica (D:2)
  2 iguanas
  Natasha (thrice) (D:3)
  3 orc wizards
  6 adders
  3 river rats (D:6)
  A shadow imp (D:6)
  3 adder skeletons (D:4)
  A dart slug (D:1)
  10 orcs
  8 ball pythons
  7 endoplasms
  8 giant cockroaches
  5 goblins
  6 hobgoblins
  4 jackals
  12 kobolds
  5 quokkas
  4 bats (D:1)
  7 frilled lizards
  5 rats
124 creatures vanquished.

Notes
Turn   | Place    | Note
-------+----------+-------------------------------------------
     0 | D:1      | Malachi the Gnoll Hunter began the quest for the Orb.
     0 | D:1      | Reached XP level 1. HP: 20/20 MP: 1/1
   162 | D:1      | Reached XP level 2. HP: 26/26 MP: 2/2
   217 | D:1      | Found a faded altar of an unknown god.
   261 | D:1      | Became a worshipper of Warmaster Okawaru
   261 | D:1      | Reached * piety under Okawaru
   481 | D:1      | Reached XP level 3. HP: 31/31 MP: 3/3
   933 | D:2      | Noticed Jessica
   946 | D:2      | Killed Jessica
   947 | D:2      | Reached skill level 1 in Short Blades
   947 | D:2      | Reached skill level 1 in Long Blades
   947 | D:2      | Reached skill level 1 in Axes
   947 | D:2      | Reached skill level 1 in Maces & Flails
   947 | D:2      | Reached skill level 1 in Polearms
   947 | D:2      | Reached skill level 1 in Staves
   947 | D:2      | Reached skill level 1 in Slings
   947 | D:2      | Reached skill level 1 in Crossbows
   947 | D:2      | Reached skill level 1 in Throwing
   947 | D:2      | Reached skill level 1 in Armour
   947 | D:2      | Reached skill level 1 in Shields
   947 | D:2      | Reached skill level 1 in Unarmed Combat
   947 | D:2      | Reached skill level 1 in Spellcasting
   947 | D:2      | Reached skill level 1 in Invocations
   947 | D:2      | Reached skill level 1 in Evocations
   947 | D:2      | Reached XP level 4. HP: 38/38 MP: 5/5
  1182 | D:2      | Reached skill level 1 in Conjurations
  1182 | D:2      | Reached skill level 1 in Hexes
  1182 | D:2      | Reached skill level 1 in Summonings
  1182 | D:2      | Reached skill level 1 in Necromancy
  1182 | D:2      | Reached skill level 1 in Translocations
  1182 | D:2      | Reached skill level 1 in Transmutations
  1182 | D:2      | Reached skill level 1 in Fire Magic
  1182 | D:2      | Reached skill level 1 in Ice Magic
  1182 | D:2      | Reached skill level 1 in Air Magic
  1182 | D:2      | Reached skill level 1 in Earth Magic
  1182 | D:2      | Reached skill level 1 in Poison Magic
  1468 | D:2      | Reached XP level 5. HP: 43/43 MP: 5/7
  2411 | D:3      | Reached XP level 6. HP: 50/50 MP: 8/8
  2533 | D:3      | Noticed Natasha
  2537 | D:3      | Killed Natasha
  2622 | D:3      | Noticed Natasha
  2625 | D:3      | Killed Natasha
  2666 | D:3      | Noticed Natasha
  2672 | D:3      | Killed Natasha
  2672 | D:3      | Reached ** piety under Okawaru
  2673 | D:3      | Reached skill level 5 in Fighting
  2673 | D:3      | Reached skill level 5 in Dodging
  2943 | D:4      | Noticed an orc warrior
  2970 | D:4      | Killed an orc warrior
  2971 | D:4      | Reached XP level 7. HP: 40/56 MP: 10/10
  3388 | D:5      | Entered Level 5 of the Dungeon
  3782 | D:5      | Noticed Blork the orc
  3790 | D:5      | Killed Blork the orc
  3807 | D:5      | Reached skill level 9 in Bows
  3906 | D:5      | Found a glowing golden altar of the Shining One.
  3949 | D:5      | Reached *** piety under Okawaru
  4058 | D:5      | Reached XP level 8. HP: 45/63 MP: 12/12
  4498 | D:6      | Noticed Eustachio
  4505 | D:6      | Killed Eustachio
  4548 | D:6      | Noticed Menkaure
  4562 | D:6      | Killed Menkaure
  4762 | D:6      | Identified the +1 hunting sling "Tiso" {freeze, *Slow rPois
                  | rC+ rN+}
  4948 | D:6      | Found a staircase to the Ecumenical Temple.
  5571 | D:7      | Reached XP level 9. HP: 53/69 MP: 14/14
  5615 | D:7      | Noticed a two-headed ogre
  5625 | D:7      | HP: 2/69 [two-headed ogre (26)]
  5645 | D:7      | Slain by a two-headed ogre

Illustrated notes

Levels and vault maps discovered:
D:1:      ncdulo_wetmaze, layout_loops_ring, hellmonk_ecumenical_altar_zigzags,
          minmay_misc_feat_tower, nrook_loot_triangle
D:2:      minmay_diamond_boxcup, layout_loops_ring, minmay_tromino_v4_a,
          uniq_jessica
D:3:      layout_rooms, uniq_natasha
D:4:      layout_basic
D:5:      layout_gridville, mainiacjoe_overflow_brackets,
          chequers_serial_rivers_large_b, chequers_serial_rivers_marsh,
          chequers_jeans, uniq_blork_the_orc
D:6:      layout_cave_pools, minmay_temple_entry_enclosed_plants,
          gup_sewer_entry_spiral, uniq_menkaure, uniq_eustachio
D:7:      layout_loops_ring, kennysheep_generic_room_5

Skill      XL: |  1  2  3  4  5  6  7  8 |
---------------+-------------------------+-----
Short Blades   | 1 2 3 |  3.8
Long Blades    | 1 2 3 |  3.8
Axes           | 1 2 3 |  3.8
Maces & Flails | 1 2 3 |  3.8
Polearms       | 1 2 3 |  3.8
Staves         | 1 2 3 |  3.8
Slings         | 1 2 3 |  3.8
Crossbows      | 1 2 3 |  3.8
Throwing       | 1 2 3 |  3.8
Armour         | 1 2 3 |  3.8
Shields        | 1 2 3 |  3.8
Unarmed Combat | 1 2 3 |  3.8
Spellcasting   | 1 2 3 |  3.8
Invocations    | 1 2 3 4 |  4.2
Evocations     | 1 2 3 |  3.8
Conjurations   | 1 2 3 |  3.1
Hexes          | 1 2 3 |  3.1
Summonings     | 1 2 3 |  3.1
Necromancy     | 1 2 3 |  3.1
Translocations | 1 2 3 |  3.1
Transmutations | 1 2 3 |  3.1
Fire Magic     | 1 2 3 |  3.1
Ice Magic      | 1 2 3 |  3.1
Air Magic      | 1 2 3 |  3.1
Earth Magic    | 1 2 3 |  3.1
Poison Magic   | 1 2 3 |  3.1
Stealth        | 3 4 |  4.5
Fighting       | 5 6 |  6.0
Dodging        | 5 6 |  6.0
Bows           | 9 |  9.4

Action                   |  1- 3 |  4- 6 |  7- 9 || total
-------------------------+-------+-------+-------++-------
Melee: Short sword       |       |    10 |       ||    10
       Whip              |       |    12 |    12 ||    24
       Bite              |       |     1 |     2 ||     3
 Fire: Shortbow          |    74 |   122 |   132 ||   328
Invok: Heroism           |       |       |     4 ||     4
Evoke: Wand              |       |       |     1 ||     1
  Use: Scroll            |       |     2 |     6 ||     8
       Potion            |       |     1 |       ||     1
Armor: Leather armour    |     2 |     8 |       ||    10
       Ring mail         |       |       |    14 ||    14
Dodge: Dodged            |     9 |    30 |    41 ||    80
